 Dungeon Crawl Stone Soup version 0.15-a0-1880-g53e602b (webtiles) character file.

383 Kenran the Cudgeler (level 6, -5/37 HPs)
             Began as a Gargoyle Fighter on July 5, 2014.
             Slain by an ogre
             ... wielding a +0 giant spiked club
              (7 damage)
             ... on Level 4 of the Dungeon.
             The game lasted 00:08:08 (3172 turns).

Kenran the Cudgeler (Gargoyle Fighter)              Turns: 3172, Time: 00:08:08

HP  -5/37        AC 15     Str 22      XL: 6   Next: 76%
MP   6/6         EV  7     Int  8      God:
Gold 164         SH  9     Dex  9      Spells:  0 memorised,  5 levels left

rFire  + . .     SeeInvis .     a - +1 flail
rCold  . . .     Clarity  .     l - +2 ring mail {rF+}
rNeg   + . .     rCorr    .     c - +0 shield
rPois  +         rRot     +     (no helmet)
rElec  +         Spirit   .     (no cloak)
SustAb .         Warding  .     g - +0 pair of gloves
rMut   .         Stasis   .     p - +1 pair of boots
Gourm  .                        (no amulet)
MR     .....                    (no ring)
                                i - cursed ring of loudness

@: not resistant to hostile enchantments, extremely unstealthy
A: negative energy resistance 1, electricity resistance, unbreathing,
petrification resistance, rot immunity, AC +4
a: no special abilities


You were on level 4 of the Dungeon.
You were not hungry.

You visited 1 branch of the dungeon, and saw 4 of its levels.

You collected 164 gold pieces.

Inventory:

Hand weapons
 a - a +1 flail (weapon)
Armour
 c - a +0 shield (worn)
 g - a +0 pair of gloves (worn)
 l - a +2 ring mail of fire resistance (worn)
 p - a +1 pair of boots (worn)
Comestibles
 d - 3 bread rations
 m - a chunk of rat flesh
 n - a meat ration
Scrolls
 b - 2 scrolls of identify
 h - a scroll of teleportation
 k - a scroll of amnesia
Jewellery
 i - a cursed ring of loudness (left hand)
Potions
 e - a potion of might
 f - a potion of poison {unknown}
 j - a potion of agility
 q - a potion of cure mutation {unknown}


   Skills:
 - Level 3.2 Fighting
 + Level 7.0 Maces & Flails
 - Level 3.2 Armour
 - Level 3.2 Shields


You had 5 spell levels left.
You didn't know any spells.

Dungeon Overview and Level Annotations

Branches:
Dungeon (4/15)
 Temple: D:4-7

Altars:
Cheibriados
Elyvilon
Trog
Xom


Innate Abilities, Weirdness & Mutations

You are resistant to torment.
You are immune to poison.
Your stone body is very resilient (AC +4).
You resist negative energy.
You are resistant to electric shocks.
You can survive without breathing.
You are immune to petrification.
You are immune to rotting.


Message History

You hit the ogre but do no damage.
The ogre is severely wounded.
The ogre hits you with a giant spiked club!
Your shield prevents you from hitting the ogre.
The ogre is severely wounded.
The ogre hits you but does no damage.
You hit the ogre.
The ogre is severely wounded.
Your shield and ring mail prevent you from hitting the ogre.
The ogre is severely wounded.
The ogre closely misses you.
You closely miss the ogre.
The ogre is severely wounded.
The ogre hits you with a giant spiked club!!
Ouch! That really hurt!
* * * LOW HITPOINT WARNING * * *
You sock the ogre!
The ogre is almost dead.
The ogre hits you with a giant spiked club!
You die...

.. ..# #. #.# #.#
#.# # #.# . # #..
.#..# #.# ###....##
#O# #... ...#
...####@###.##.....
#.......%..........
.?.########.##.....
#.# . #.# #>#
###.###
#...<.########
#.###..>.....#


You could see an ogre.

Vanquished Creatures
  Sigmund (D:2)
  The ghost of valor the Twirler, an average GrGl (D:3)
  2 orc priests (D:3)
  9 adders
  A giant mite (D:3)
  3 worms
  A giant gecko (D:2)
  5 orcs
  2 ball pythons
  8 bats
  6 giant cockroaches
  7 goblins
  7 hobgoblins
  11 kobolds
  3 quokkas
  2 giant newts (D:2)
  11 rats
80 creatures vanquished.

Notes
Turn   | Place    | Note
--------------------------------------------------------------
     0 | D:1      | Kenran, the Gargoyle Fighter, began the quest for the Orb.
     0 | D:1      | Reached XP level 1. HP: 14/14 MP: 1/1
   137 | D:1      | Reached XP level 2. HP: 10/19 MP: 2/2
   638 | D:1      | Found a shimmering altar of Xom.
   640 | D:1      | Found a shimmering altar of Xom.
   781 | D:1      | Found a shimmering altar of Xom.
   782 | D:1      | Found a shimmering altar of Xom.
   955 | D:2      | Reached XP level 3. HP: 19/23 MP: 3/3
  1032 | D:2      | Reached skill level 4 in Maces & Flails
  1034 | D:2      | You fall through a shaft for 2 floors!
  1064 | D:4      | Noticed an ogre
  1100 | D:4      | Reached XP level 4. HP: 26/28 MP: 4/4
  1796 | D:2      | Reached skill level 5 in Maces & Flails
  1887 | D:2      | Noticed Sigmund
  1892 | D:2      | Reached XP level 5. HP: 28/32 MP: 5/5
  1907 | D:2      | Killed Sigmund
  2218 | D:3      | You fall through a shaft!
  2320 | D:3      | Noticed valor's ghost (average GrGl)
  2331 | D:3      | Killed valor's ghost
  2331 | D:3      | Reached skill level 6 in Maces & Flails
  2331 | D:3      | Reached XP level 6. HP: 13/37 MP: 6/6
  2590 | D:3      | Found a snail-covered altar of Cheibriados.
  2766 | D:3      | Found a white marble altar of Elyvilon.
  2943 | D:3      | Noticed a moth of wrath
  2948 | D:3      | Found a bloodstained altar of Trog.
  3158 | D:4      | Reached skill level 7 in Maces & Flails
  3160 | D:4      | Noticed an ogre
  3172 | D:4      | Slain by an ogre

Action                   |  1- 3 |  4- 6 || total
-------------------------+-------+-------++-------
Melee: Flail             |   114 |   255 ||   369
  Use: Scroll            |     3 |     4 ||     7
       Potion            |     2 |       ||     2
